AoeStats
← JakeElPerro

Pilgrims

510041055Analyzed
4v4 RM · 3d ago on Sep 29, 2026· 13m 6s· 8 players
Game mode
Random Map
Map size
Large (8 player)
Population
200
Speed
Normal
Resources
Standard
Victory
Conquest
Starting age
Dark Age
Ending age
Imperial Age
RankedLock teamsTeams togetherTeam positionsShared explorationLock speedFull tech treeHidden civsTurbo modeCheats
Victory
Defeat
🇦🇺 Mongols · Australia
812
+12
🇲🇽 Berbers · Mexico
792
+13
🇷🇺 Khmer · Russia
789
+13
🇮🇳 Huns · India
637
+19
🇲🇽 Britons · Mexico
731
-15
🇦🇷 Inca · Argentina
730
-15
🇲🇽 Persians · Mexico
714
-14
🇹🇼 Japanese · Taiwan
680
-13
JakeElPerro
4:54 Loom
13:44 Feudal Age
arhogamer
4:43 Loom
12:42 Feudal Age
13:59 Wheelbarrow
Test
93arthas
6:46 Loom
ElBlack
13:01 Feudal Age
shprot
14:33 Feudal Age
mund
3:29 Loom
13:38 Feudal Age
betalbaadshah
3:03 Loom
11:47 Feudal Age
Connection lost

Rejoining the realm…

Still unreachable

The connection could not be restored.

Session expired

The server has moved on; the page needs a fresh start.